[Event "*** Titled Tuesday Blitz"]
[Site "Chess.com"]
[Date "2021.03.09"]
[Round "2"]
[White "Funo09"]
[Black "S-Fazulyanov"]
[Result "1-0"]
[WhiteElo "2725"]
[BlackElo "2489"]
[TimeControl "180+1"]
[EndTime "10:19:33 PST"]
[Termination "Funo09 won by checkmate"]

1. e4 c5 2. Nc3 Nc6 3. Bb5 g6 4. Bxc6 dxc6 5. f4 Bg7 6. Nf3 Bg4 7. O-O Nf6 8. d3 O-O 9. h3 Bxf3 10. Qxf3 e6 11. Be3 b6 12. Kh1 Qd7 13. a4 a5 14.
Rae1 Rae8 15. e5 Nd5 16. Ne4 f6 17. exf6 Nxf6 18. Nd2 Nd5 19. Nc4 e5 20. Bd2 exf4 21. Rxe8 Rxe8 22. c3 Qf5 23. Bxf4 Nxf4 24. Nd6 Qxd3 25. Nxe8 Qxf3 26. Rxf3 Nd5 27. Nd6 Be5 28.
Ne4 Kg7 29. Kg1 h6 30. Kf2 c4 31. g3 b5 32. Nd2 g5 33. Rf5 Bf6 34. axb5 Kg6 35.
g4 Ne7 36. Rc5 cxb5 37. Rxb5 a4 38. Nxc4 Kf7 39. Kf3 Ke6 40. Rb6+ Kf7 41. Ke4 Nc8 42. Ra6 Ne7 43. Ne5+ Bxe5 44. Kxe5 Ng6+ 45. Ke4 Nf4 46. Rxh6 Kg7 47. Ra6 Nxh3 48. Rxa4 Nf2+ 49. Kf5 Nd3 50. Kxg5 Nxb2 51. Ra7+ Kf8 52. Kf6 Ke8 53. g5 Nc4 54.
g6 Nd6 55. g7 Ne4+ 56. Kg6 Nd6 57. g8=Q# 1-0

[Event "*** Titled Tuesday Blitz"]
[Site "Chess.com"]
[Date "2021.03.09"]
[Round "2"]
[White "KacperPolOK"]
[Black "Fy_Rakotomaharo"]
[Result "1/2-1/2"]
[WhiteElo "2506"]
[BlackElo "2712"]
[TimeControl "180+1"]
[EndTime "10:19:33 PST"]
[Termination "Game drawn by repetition"]

1. e4 e5 2. Nf3 Nc6 3. Bb5 a6 4. Ba4 Bc5 5. O-O Nge7 6. c3 Ng6 7. d4 Ba7 8. Bxc6 dxc6 9. dxe5 Qxd1 10. Rxd1 Bg4 11. Nbd2 Nxe5 12. h3 Nxf3+ 13. Nxf3 Bh5 14. Bf4 Bb6 15. g4 Bg6 16. Ne5 h5 17. Nxg6 fxg6 18. Kg2 O-O 19. Bg3 Rae8 20. f3 Rf7 21.
Bf2 Bxf2 22. Kxf2 Rxe4 23. Re1 Ref4 24. Re3 a5 25. Rd1 a4 26. Rd8+ Rf8 27. Rxf8+ Kxf8 28. Re4 Rxe4 29. fxe4 Ke7 30. Ke3 Kf6 31. Kf4 g5+ 32. Kf3 h4 33. Ke3 Ke5 34. Kf3 c5 35. Ke3 b5 36. Kf3 b4 37. a3 b3 38. Ke3 Ke6 39. Kf3 Kd6 40. Kf2 Kc6 41. Ke3 Kd6 42. Kd3 Ke5 43. Ke3 Ke6 44. Kf3 Kd6 45. Ke3 Ke5 46. Kf3 g6 47. Ke3 Kd6 48. Kf3 Kc6 49. Ke3 Kd6 50. Kf3 Ke5 51. Ke3 Ke6 52. Kf3 Kf6 53. Ke3 Ke5 54. Kf3 Ke6 55. Ke3 Kd6 1/2-1/2

[Event "*** Titled Tuesday Blitz"]
[Site "Chess.com"]
[Date "2021.03.09"]
[Round "2"]
[White "anasta10"]
[Black "svilson23"]
[Result "1-0"]
[WhiteElo "2466"]
[BlackElo "2246"]
[TimeControl "180+1"]
[EndTime "10:19:33 PST"]
[Termination "anasta10 won on time"]

1. d4 Nf6 2. c4 e6 3. Nc3 Bb4 4. Bd2 O-O 5. Nf3 c5 6. e3 d5 7.
a3 Bxc3 8. Bxc3 Ne4 9. Rc1 Nxc3 10. Rxc3 cxd4 11. Nxd4 b6 12. cxd5 Qxd5 13. Nb5 Na6 14.
Qxd5 exd5 15. Nd6 Nc5 16. Nxc8 Raxc8 17. Be2 Ne4 18. Rd3 Rc2 19. b4 Rfc8 20. f3 Nc3 21. Rd2 Rc1+ 22. Bd1 Nb1 23. Rd3 h5 24. O-O R1c3 25.
Rxd5 Nxa3 26. Rxh5 Rxe3 27. Ba4 Nc4 28. Rc1 Nd6 29.
Rxc8+ Nxc8 30. Rd5 Ne7 31. Rd7 a5 32. b5 Kf8 33. Rb7 Re6 34. Bb3 Re1+ 35. Kf2 Re5 36. Rxb6 f6 37. Bc4 Rc5 38. Be2 Nd5 39. Ra6 Rc2 40. Ra8+ 1-0

[Event "*** Titled Tuesday Blitz"]
[Site "Chess.com"]
[Date "2021.03.09"]
[Round "2"]
[White "WilliamSchill"]
[Black "lamomiablanca"]
[Result "0-1"]
[WhiteElo "2017"]
[BlackElo "2381"]
[TimeControl "180+1"]
[EndTime "10:19:33 PST"]
[Termination "lamomiablanca won on time"]

1. e4 c5 2. Nf3 Nc6 3. d4 cxd4 4. Nxd4 g6 5. Nc3 Bg7 6. Be3 Nf6 7. Bc4 O-O 8. Bb3 d5 9. exd5 Na5 10. Qf3 Nxb3 11. axb3 Bg4 12. Qg3 Bh5 13. O-O Nxd5 14. Nxd5 Qxd5 15.
c4 Qd7 16. Nb5 a6 17. Nc3 Rad8 18. Bb6 Rc8 19. Rfe1 e6 20. f3 Bd4+ 21. Bxd4 Qxd4+ 22. Qf2 Qxf2+ 23. Kxf2 g5 24. Rad1 Rfd8 25. Rxd8+ Rxd8 26. Rd1 Rxd1 27. Nxd1 h6 28. b4 Bg6 29. Ke3 e5 30. Nc3 Kf8 31. Na4 b5 32. cxb5 axb5 33.
Nc3 Ke7 34. Nxb5 Kd7 35. Nc3 f5 36. g3 Kc6 37. h4 f4+ 38. Kf2 Bd3 39. hxg5 hxg5 40.
gxf4 gxf4 41. Ke1 Kb6 42. Kf2 Kc6 43. Ke1 Bg6 44. Kf2 Bh5 45. Kg2 Kd6 46. Kf2 Kc7 47.
Kg2 Kd6 48. Kf2 Ke6 49. Kg2 Kf5 50. Kf2 Be8 51. b5 Ke6 52. b4 Kd6 53. Ke2 Bg6 54.
Kf2 Kc7 55. Ke2 Kb6 56. Kf2 Be8 0-1

[Event "*** Titled Tuesday Blitz"]
[Site "Chess.com"]
[Date "2021.03.09"]
[Round "2"]
[White "kamilianin235"]
[Black "Meri-Arabidze"]
[Result "0-1"]
[WhiteElo "2272"]
[BlackElo "2568"]
[TimeControl "180+1"]
[EndTime "10:19:34 PST"]
[Termination "Meri-Arabidze won by resignation"]

1. e4 c5 2. Nf3 e6 3. d4 cxd4 4. Nxd4 Nc6 5. Nc3 a6 6. f4 d6 7.
Be3 Nf6 8. Be2 Be7 9. O-O O-O 10. Bf3 Bd7 11. Qe2 Qc7 12. Rad1 Rac8 13. Rfe1 Nxd4 14.
Bxd4 e5 15. Be3 Be6 16. f5 Bc4 17. Qf2 b5 18. Rd2 b4 19. Nd5 Bxd5 20. exd5 Rfe8 21. g3 h6 22. Qg2 a5 23. Be2 Nh7 24. h4 Qb7 25.
Bf3 Bd8 26. Be4 Nf6 27. Bf2 Bb6 28. g4 Bxf2+ 29. Rxf2 Rc4 30. b3 Rd4 31. g5 hxg5 32. hxg5 Nxe4 33. Rxe4 Qxd5 34. Rxd4 Qxd4 35. f6 e4 36. fxg7 e3 37. Re2 Kxg7 38. Qf3 Re4 39. Kg2 Qe5 40. Kh3 Qe6+ 41. Kg3 d5 42. Kg2 Qe5 43.
Qh5 Qd6 44. Qf3 Qg6 45. Rxe3 Qxg5+ 46. Qg3 Rg4 0-1

[Event "*** Titled Tuesday Blitz"]
[Site "Chess.com"]
[Date "2021.03.09"]
[Round "2"]
[White "DinaBelenkaya"]
[Black "Promacherr"]
[Result "1-0"]
[WhiteElo "2343"]
[BlackElo "2599"]
[TimeControl "180+1"]
[EndTime "10:19:34 PST"]
[Termination "DinaBelenkaya won by resignation"]

1. e4 e6 2. Qe2 Nc6 3. Nf3 Be7 4. d4 d5 5. e5 Nh6 6. c3 Nf5 7. h4 h5 8. g3 Qd7 9. Bh3 b6 10. Ng5 a5 11. a4 Ba6 12. Qf3 g6 13. Na3 Rf8 14. Nb5 O-O-O 15. O-O Kb7 16. Bd2 Na7 17.
Bxf5 exf5 18. c4 Qc6 19. b3 f6 20. Rfc1 fxg5 21. cxd5 Qxd5 22. Rxc7+ Kb8 23. Qxd5 Rxd5 24.
Rxa7 Bxb5 25. Rxe7 Bc6 26. Bc3 gxh4 27. gxh4 f4 28. Re6 Kb7 29. Rxg6 f3 30. Re1 Rf4 31. e6 Rd8 32. Re5 Rxh4 33. Rg7+ Kc8 34. e7 Re8 35. d5 Bd7 36. d6 Kb7 37. Re3 Rg4+ 38. Rxg4 hxg4 39.
Re4 Kc6 40. Be5 Kd5 41. Re3 Rc8 42. Kh2 Rc1 43. Bf4 Be8 44. d7 Bxd7 45. e8=Q Bxe8 46. Rxe8 Rf1 47. Be3 Rb1 48. Kg3 Rxb3 49. Rd8+ Kc6 50.
Kxg4 Rb4+ 51. Rd4 Rxa4 52. Rxa4 1-0

[Event "*** Titled Tuesday Blitz"]
[Site "Chess.com"]
[Date "2021.03.09"]
[Round "2"]
[White "Kostukov_Alex"]
[Black "Witik"]
[Result "0-1"]
[WhiteElo "2319"]
[BlackElo "2609"]
[TimeControl "180+1"]
[EndTime "10:19:34 PST"]
[Termination "Witik won on time"]

1. g3 e5 2. c4 c6 3. Bg2 d5 4.
cxd5 cxd5 5. d4 e4 6. Nc3 Nc6 7.
Nh3 h6 8. O-O Nf6 9. f3 exf3 10.
exf3 Be7 11. Be3 O-O 12. Qd2 Re8 13. Rae1 Bf8 14. Nf4 b6 15. Nd3 Ba6 16. a3 Na5 17.
Bf2 Nc4 18. Qd1 Qd6 19. f4 Red8 20. Qb1 Nd2 21. Qc2 Nxf1 22. Bxf1 Rac8 23. Bg2 Ne4 24. Nb4 Nxc3 25. bxc3 Bb7 26. Bh3 Rc7 27. Re2 a5 28. Nd3 Qxa3 29. Ne5 Qxc3 30. Qf5 Bc8 31. Qh5 Bxh3 32. Qxh3 a4 33. f5 Qc1+ 34. Kg2 Qg5 35. Be3 Qf6 36. g4 a3 37. g5 hxg5 38. Qh5 Qxf5 39. h3 Qe4+ 40. Nf3 Qh7 41.
Kf2 Qxh5 42. h4 g4 0-1

[Event "*** Titled Tuesday Blitz"]
[Site "Chess.com"]
[Date "2021.03.09"]
[Round "2"]
[White "cstevens1"]
[Black "Pantata007"]
[Result "1-0"]
[WhiteElo "2606"]
[BlackElo "2318"]
[TimeControl "180+1"]
[EndTime "10:19:34 PST"]
[Termination "cstevens1 won on time"]

1. e4 e5 2. Nf3 Nc6 3. Bb5 a6 4. Ba4 Nf6 5. d3 Bc5 6. O-O d6 7. Be3 Bxe3 8. Bxc6+ bxc6 9. fxe3 O-O 10. Nc3 Re8 11.
Qe1 d5 12. Kh1 dxe4 13. dxe4 Qe7 14. Nh4 Rb8 15. b3 Rb4 16. a3 Rb8 17. Rd1 Qxa3 18. Rxf6 gxf6 19. Nf5 Bxf5 20. exf5 Rbd8 21. Ne4 Qe7 22. h3 Rxd1 23. Qxd1 Kh8 24. Qh5 Rg8 25. Qh6 a5 26. Nxf6 Rg7 27. Ne4 Qd7 28. f6 Rg6 29.
Qh5 Qd8 30. Qxe5 Qg8 31. g4 Qd8 32. Qd4 Qxd4 33. exd4 h5 34. g5 h4 35. Kg2 Rg8 36.
Kf3 Re8 37. Kf4 Kh7 38. Kf5 Rd8 39. c3 Rb8 40. Nc5 Rb5 41. Kg4 Kg6 42. Kxh4 Rb8 43.
Kg4 Re8 44. h4 Re3 45. h5+ Kh7 46. Nd7 Rxc3 47. Ne5 Rxb3 48. g6+ fxg6 49. hxg6+ Kg8 50. f7+ Kg7 51. Nd7 1-0

[Event "*** Titled Tuesday Blitz"]
[Site "Chess.com"]
[Date "2021.03.09"]
[Round "2"]
[White "HanSchut"]
[Black "rynos0411"]
[Result "0-1"]
[WhiteElo "2206"]
[BlackElo "2446"]
[TimeControl "180+1"]
[EndTime "10:19:34 PST"]
[Termination "rynos0411 won on time"]

1. e4 c6 2. d4 d5 3. e5 Bf5 4.
Nf3 e6 5. Be2 c5 6. Be3 Qb6 7. Nc3 Nc6 8. O-O Qxb2 9. Qe1 cxd4 10. Bxd4 Nxd4 11. Nxd4 Bb4 12. Ndb5 Bxc3 13. Nxc3 Ne7 14.
Rb1 Qxc2 15. Rxb7 a6 16. Bd1 Qd3 17. Ba4+ Kf8 18. Qc1 Ng6 19. Qa3+ Kg8 20. Qb4 h6 21. Rd1 a5 22. Rb8+ Rxb8 23. Qxb8+ Kh7 24. Qc7 Qc4 25. Qxc4 dxc4 26. h3 Nxe5 27. g4 Bd3 28. f4 Nf3+ 29. Kf2 Nd4 30. Nb5 Nxb5 31. Bxb5 Rb8 32. a4 g6 33. Ke3 Kg7 34. Rc1 Rc8 35. Kd4 Kf6 36.
Bxc4 Rd8+ 37. Ke3 Bxc4 38. Rxc4 Rd5 39. Rc7 g5 40. fxg5+ hxg5 41. Ra7 Rc5 42. Kd4 Rd5+ 43. Ke4 Kg6 44. Ra8 Rc5 45. Kd4 Rd5+ 46. Ke4 f6 47. Ra6 Rd1 48. Rxe6 Ra1 49. h4 Rxa4+ 50. Kd5 gxh4 0-1

[Event "*** Titled Tuesday Blitz"]
[Site "Chess.com"]
[Date "2021.03.09"]
[Round "2"]
[White "Pilopa"]
[Black "Msb2"]
[Result "0-1"]
[WhiteElo "2554"]
[BlackElo "2903"]
[TimeControl "180+1"]
[EndTime "10:19:35 PST"]
[Termination "Msb2 won by resignation"]

1. d4 d5 2. Nf3 Nf6 3. c4 e6 4. Nc3 Bb4 5. e3 O-O 6. Bd2 b6 7. cxd5 exd5 8. Bd3 Be7 9. O-O c5 10. Ne5 Bb7 11. f4 Nc6 12. Ne2 cxd4 13. Nxc6 Bxc6 14. Nxd4 Bd7 15. Qf3 Bc5 16. Bc3 Qe7 17. Rfe1 Rfe8 18. h3 Rac8 19. Rad1 Ne4 20. Bxe4 dxe4 21. Qh5 Bb4 22.
Ne2 Be6 23. a3 Bxc3 24. Nxc3 Bc4 25. Rd4 Bd3 26. f5 Rc5 27. Qg4 Qe5 28. f6 Qxf6 29.
Nxe4 Bxe4 30. Rxe4 Rce5 31. Rxe5 Qxe5 32. Qb4 Qg3 33. Qd2 h5 34. Qf2 Qe5 35. e4 Rd8 36.
Rf1 f6 37. Qe2 Rd4 38. Rf5 Qd6 39. Rd5 Rxd5 40. exd5 Qxd5 41. Qe8+ Kh7 42. Qe7 Qc5+ 43. Qxc5 bxc5 44. Kf2 Kg6 45. Ke3 Kf5 46. Kd3 Kf4 47. Kc4 Kg3 48. Kxc5 f5 49. b4 f4 50. b5 Kxg2 51. a4 f3 52. a5 f2 53. b6 axb6+ 54.
axb6 f1=Q 55. b7 Qb1 56. Kc6 Kxh3 57. b8=Q Qxb8 0-1

[Event "*** Titled Tuesday Blitz"]
[Site "Chess.com"]
[Date "2021.03.09"]
[Round "2"]
[White "maxip32"]
[Black "Tooweak2slow03"]
[Result "0-1"]
[WhiteElo "2516"]
[BlackElo "2768"]
[TimeControl "180+1"]
[EndTime "10:19:35 PST"]
[Termination "Tooweak2slow03 won on time"]

1. e4 c6 2. d4 g6 3. Nc3 Nf6 4. Nf3 Bg7 5. h3 d5 6. Bd3 dxe4 7. Nxe4 Nxe4 8. Bxe4 Nd7 9. O-O c5 10. dxc5 Qc7 11. c3 O-O 12. Qe2 Nxc5 13. Bc2 e5 14. Re1 f6 15. b4 Ne6 16. Bd2 b6 17. Bb3 Kh8 18. Rac1 a5 19. a3 Ra7 20. Be3 Qb8 21. Red1 Re7 22. Qd2 f5 23. Qd6 Qxd6 24. Rxd6 e4 25. Bxe6 Rxe6 26. Rxe6 Bxe6 27. Nd4 Bc4 28.
Nc6 axb4 29. axb4 b5 30. Na5 f4 31. Bd4 Bxd4 32. cxd4 Bd3 33. Nc6 Kg7 34. d5 e3 35.
d6 Bf5 36. fxe3 fxe3 37. Re1 Rf6 38. Nd4 Rxd6 39. Nxb5 Rd3 40. Kf1 Rd7 41. Nc3 Rd3 42. Nb5 Be4 43. Ke2 Rb3 44. Nd6 Bxg2 45. h4 Kh6 46. Rg1 Bh3 47. Rg3 Bf1+ 0-1

[Event "*** Titled Tuesday Blitz"]
[Site "Chess.com"]
[Date "2021.03.09"]
[Round "2"]
[White "GMJustin"]
[Black "PopMilan95"]
[Result "0-1"]
[WhiteElo "2265"]
[BlackElo "2610"]
[TimeControl "180+1"]
[EndTime "10:19:35 PST"]
[Termination "PopMilan95 won on time"]

1. a3 Nf6 2. b4 e5 3. Bb2 d6 4. g3 Nbd7 5. Bg2 d5 6. e3 c6 7. d3 Bd6 8. Nd2 O-O 9. Ne2 Re8 10. O-O Nf8 11. c4 Bg4 12. h3 Be6 13. e4 dxe4 14.
dxe4 b6 15. f4 Qc7 16. f5 Bc8 17. g4 h6 18. Ng3 a5 19. Bc3 axb4 20. axb4 Bb7 21.
Qe2 Qe7 22. Rxa8 Rxa8 23. Rb1 Ra3 24. Qe3 N8d7 25. Ne2 Bxb4 26. Bxb4 Qxb4 27. Rxb4 Rxe3 28. Kf2 Ra3 29. Rb2 Kf8 30. Nb3 Ke7 31. c5 b5 32.
Nec1 Ra4 33. Nd3 Nxe4+ 34. Bxe4 Rxe4 35. Na5 Ba8 36. Nb4 Nb8 37. Kf3 Rd4 38. Ke3 g6 39. Nd3 Kf6 40. fxg6 fxg6 41. Nf2 Nd7 42. Ne4+ Ke6 43.
Nb3 Rc4 44. Rd2 Ke7 45. Rd6 Rxe4+ 46. Kxe4 Nxc5+ 0-1

[Event "*** Titled Tuesday Blitz"]
[Site "Chess.com"]
[Date "2021.03.09"]
[Round "2"]
[White "CakeinSpace2002"]
[Black "13MiRacLe"]
[Result "1-0"]
[WhiteElo "2413"]
[BlackElo "2684"]
[TimeControl "180+1"]
[EndTime "10:19:35 PST"]
[Termination "CakeinSpace2002 won by resignation"]

1. e4 e5 2. f3 Nf6 3. g3 d5 4. d3 Bc5 5. Bg2 Nc6 6. c3 Be6 7. Qe2 O-O 8. Nh3 h6 9. Nd2 a5 10. Nf2 a4 11. O-O Qd7 12. Kh1 Rad8 13. b4 axb3 14.
Nxb3 Bb6 15. Ba3 Rfe8 16. Nc5 Bxc5 17. Bxc5 b6 18. Ba3 Ra8 19. Bb2 Ra5 20. f4 exf4 21.
gxf4 dxe4 22. dxe4 Ng4 23. Nxg4 Bxg4 24. Qe3 Rh5 25.
c4 Bh3 26. Qg3 Bxg2+ 27. Qxg2 g6 28. Rad1 Qh3 29. e5 Qxg2+ 30. Kxg2 Ne7 31. Rd7 Nf5 32. Re1 Rh4 33. Re4 Ra8 34. a3 Rc8 35. e6 fxe6 36.
Rxe6 Rg4+ 37. Kf3 h5 38. Be5 Rf8 39. Rxc7 Nh4+ 40. Ke4 Nf5 41. Rxb6 Rg2 42. Rbb7 Re8 43. Rh7 Rxe5+ 44. Kxe5 Re2+ 45. Kf6 Re8 46. Kxg6 Nh4+ 47. Kxh5 Nf5 48. Kg5 1-0

[Event "*** Titled Tuesday Blitz"]
[Site "Chess.com"]
[Date "2021.03.09"]
[Round "2"]
[White "BJthechessgod"]
[Black "Fandorin779"]
[Result "0-1"]
[WhiteElo "2287"]
[BlackElo "2509"]
[TimeControl "180+1"]
[EndTime "10:19:35 PST"]
[Termination "Fandorin779 won by resignation"]

1. e4 Nf6 2. e5 Ng8 3. d4 d6 4.
Nf3 dxe5 5. Nxe5 Nf6 6. Bc4 e6 7. O-O Nbd7 8. Bg5 Be7 9. Nc3 O-O 10. Re1 Nb6 11. Bd3 h6 12. Bh4 Nbd5 13. Nxd5 Nxd5 14.
Bg3 Bf6 15. Qh5 c6 16. Ng4 Bxd4 17. c3 Nf6 18. Nxf6+ Bxf6 19. Rad1 Qb6 20. Bd6 Re8 21. Rd2 Bd7 22. Bb4 a5 23. Bb1 axb4 24. Rxd7 Re7 25. Red1 bxc3 26. b3 Qa5 27. h3 g6 28. Qxh6 Bg7 29. Qh4 Rxd7 30. Rxd7 c2 31. Bxc2 Qxa2 32. Qe4 Qa1+ 33. Kh2 Qe5+ 34. Qxe5 Bxe5+ 35. g3 Ra2 36. f4 Rxc2+ 37. Kh1 Bf6 38. Rxb7 Rc3 39. Rc7 Rxb3 40. Rxc6 Rxg3 41. Kh2 Rf3 42. Kg2 Rxf4 43. Kg3 Rd4 44. Rc8+ Kg7 45. Rc7 e5 46. Kf3 e4+ 47. Ke3 Ra4 48.
Rc5 Bd4+ 0-1

[Event "*** Titled Tuesday Blitz"]
[Site "Chess.com"]
[Date "2021.03.09"]
[Round "2"]
[White "bylavochka"]
[Black "PowerThinking2650"]
[Result "0-1"]
[WhiteElo "2203"]
[BlackElo "2442"]
[TimeControl "180+1"]
[EndTime "10:19:35 PST"]
[Termination "PowerThinking2650 won on time"]

1. e4 e5 2. Nc3 Nf6 3. g3 d5 4.
exd5 Nxd5 5. Bg2 Nxc3 6. bxc3 Nc6 7. Ne2 Bg4 8. d3 Qd7 9. Be3 Bd6 10. Qd2 O-O 11. O-O Bh3 12. f4 Bxg2 13. Kxg2 Rae8 14. Rae1 e4 15. Nd4 f5 16. h3 Nxd4 17. Bxd4 Qc6 18. Kh2 Re6 19. dxe4 Rxe4 20. Rxe4 fxe4 21. f5 Bc5 22. Be5 e3 23. Qd3 Re8 24. f6 gxf6 25. Rxf6 Bd6 26. Bxd6 e2 27. Qf5 Qxd6 28. Rxd6 cxd6 29.
Qg5+ Kf7 30. Qf5+ Ke7 31. Qg5+ Kd7 32. Qf5+ Re6 33. Qf7+ Re7 34. Qf5+ Kc7 35. Qa5+ b6 36.
Qxa7+ Kd8 37. Qb8+ Kd7 38. Qb7+ Ke6 39. Qe4+ Kf7 40.
Qf5+ Kg7 41. Qg5+ Kf8 42. Qf6+ Ke8 0-1

[Event "*** Titled Tuesday Blitz"]
[Site "Chess.com"]
[Date "2021.03.09"]
[Round "2"]
[White "lindsay790"]
[Black "Orest_Vovk"]
[Result "0-1"]
[WhiteElo "2195"]
[BlackElo "2434"]
[TimeControl "180+1"]
[EndTime "10:19:35 PST"]
[Termination "Orest_Vovk won by resignation"]

1. e4 Nc6 2. d4 e5 3. d5 Nce7 4. c4 Ng6 5. Nc3 Bc5 6. Nf3 Nf6 7. h3 d6 8. a3 a6 9. Bd3 O-O 10. O-O Nh5 11. Ne2 Nh4 12. Nh2 Qf6 13. Be3 Qg6 14. g4 Bxe3 15. fxe3 Qg5 16. Kf2 Nf6 17. Ng3 h5 18. Nf5 Bxf5 19. exf5 e4 20. Be2 Nd7 21. Rg1 Ne5 22. Qf1 Rae8 23. Rg3 Nd3+ 24. Kg1 Nxb2 25. Qf4 Qxf4 26. exf4 Nd3 27. Bxd3 exd3 28. Rxd3 Re4 29. Rf1 Rxc4 30. g5 Nxf5 31. Rdf3 Re8 32. Kf2 Rc2+ 33. Kg1 Ree2 34. R3f2 Ng3 35. Rxe2 Rxe2 36. Rf2 Re1+ 37.
Kg2 Nf5 38. Rf3 Nh4+ 39. Kg3 Nxf3 40. Nxf3 Re3 41. Kf2 Rxf3+ 42. Kxf3 g6 43. Ke3 Kf8 44. Kd4 Ke7 45. Ke4 Kd7 46. Kd4 c5+ 47. Ke4 b5 48.
Kd3 Kc7 49. Kc3 Kb6 50. Kb3 a5 51. Kc3 b4+ 52. Kb3 bxa3 53. Kc3 Kb5 54. Kb3 a4+ 55. Kxa3 Ka5 56. Kb2 Kb4 57. Ka2 c4 58. Kb2 Kc5 59. Kc3 Kxd5 0-1

[Event "*** Titled Tuesday Blitz"]
[Site "Chess.com"]
[Date "2021.03.09"]
[Round "2"]
[White "SimplyDevina"]
[Black "Vasily85"]
[Result "1/2-1/2"]
[WhiteElo "2186"]
[BlackElo "2414"]
[TimeControl "180+1"]
[EndTime "10:19:35 PST"]
[Termination "Game drawn by repetition"]

1. d4 Nf6 2. c4 e6 3. Nc3 Bb4 4. e3 O-O 5. Ne2 d5 6. a3 Bd6 7.
Ng3 c5 8. cxd5 exd5 9. dxc5 Bxc5 10. b4 Bb6 11. Bb2 d4 12. exd4 Re8+ 13. Be2 Nc6 14. d5 Nd4 15. O-O Nxd5 16. Na4 Nxe2+ 17. Nxe2 Bg4 18. Nxb6 Bxe2 19. Qd4 Nf6 20. Nxa8 Bxf1 21. Qxd8 Rxd8 22. Rxf1 Rxa8 23. Bxf6 gxf6 24. Rc1 Rd8 25. g3 Rd3 26. Rc8+ Kg7 27. Rc7 Rxa3 28. Rxb7 Rb3 29. b5 Kg6 30. Kf1 h5 31. Ke2 Kf5 32. Rxa7 Rxb5 33.
Rxf7 Rb2+ 34. Kf3 Rb3+ 35. Kg2 Kg5 36. Rf8 Rb5 37. Rg8+ Kf5 38. Rh8 Kg6 39. h3 Rb4 40. Re8 Ra4 41. Re3 Rb4 42. Kf3 Ra4 43. Re4 Ra2 44. g4 hxg4+ 45. hxg4 Kg5 46. Kg3 Ra3+ 47. f3 Rb3 48. Rc4 Ra3 49. Rc5+ Kg6 50. Kf4 Ra4+ 51. Kg3 Ra1 52. Kf4 Ra4+ 53. Kg3 Ra3 54. Kf4 Ra4+ 1/2-1/2

[Event "*** Titled Tuesday Blitz"]
[Site "Chess.com"]
[Date "2021.03.09"]
[Round "2"]
[White "SirStrateg"]
[Black "katchesskat"]
[Result "0-1"]
[WhiteElo "2597"]
[BlackElo "2313"]
[TimeControl "180+1"]
[EndTime "10:19:36 PST"]
[Termination "katchesskat won by resignation"]

1. d4 c5 2. c3 e6 3. Nf3 Nf6 4. Bf4 a6 5. e3 b5 6. Nbd2 Bb7 7. Bd3 d6 8. O-O Nbd7 9. Qe2 Qc7 10. h3 h6 11. Bh2 Be7 12. e4 c4 13. Bc2 e5 14. a4 O-O 15. Ra2 Rfe8 16. Rfa1 Rab8 17.
Qe3 Nh7 18. axb5 axb5 19. b3 cxb3 20. Bxb3 Rbc8 21. Ra7 Qb8 22. Qd3 Bf8 23. Qxb5 Bc6 24. Qd3 Bb5 25. Bc4 Rxc4 26. Nxc4 Nb6 27. Nfd2 Nxc4 28. Nxc4 Rc8 29. R7a4 exd4 30. cxd4 Bxa4 31. Rxa4 Qb5 32. Qc2 Nf6 33. f3 d5 34. exd5 Nxd5 35. Ra5 Qxa5 36. Nxa5 Rxc2 37. Be5 Ne3 38. g4 f6 39. Bf4 Ng2 40. Bg3 Ne3 41. Nb3 Nd5 42. h4 Rb2 43. Nc5 Bxc5 44. dxc5 Rc2 45. Bd6 Kf7 46.
Kf1 g5 47. hxg5 hxg5 48. Ke1 Ke6 49. Kd1 Rf2 50. Bg3 Rxf3 51. c6 Rxg3 52. c7 Nxc7 0-1

[Event "*** Titled Tuesday Blitz"]
[Site "Chess.com"]
[Date "2021.03.09"]
[Round "2"]
[White "Trankuilizer"]
[Black "kuli4ik"]
[Result "1/2-1/2"]
[WhiteElo "2577"]
[BlackElo "2903"]
[TimeControl "180+1"]
[EndTime "10:19:37 PST"]
[Termination "Game drawn by repetition"]

1. e4 Nf6 2. e5 Nd5 3. d4 d6 4. exd6 exd6 5. c4 Nf6 6. Nc3 g6 7. Nf3 Bg7 8. Be2 O-O 9. O-O Re8 10. h3 Nc6 11. d5 Ne7 12. Bf4 Bd7 13. Qd2 Nf5 14.
Rfe1 a6 15. Bf1 h5 16. Bg5 Rxe1 17. Rxe1 Qf8 18. Bd3 Re8 19. b3 Nh7 20. Bf4 Rxe1+ 21. Qxe1 Qe7 22. Qxe7 Nxe7 23. Ne2 Nf8 24. Kf1 f6 25. h4 Kf7 26. g3 Ng8 27. Ke1 Bh6 28.
Kd2 Bxf4+ 29. Nxf4 Ne7 30. b4 Bf5 31. Bxf5 Nxf5 32. Kd3 Nh6 33. Nd4 Ng4 34. f3 Ne5+ 35. Kc3 Ke7 36. a4 Kd7 37. b5 a5 38. Nfe2 Ke7 39.
f4 Ned7 40. Nb3 b6 41. Ned4 f5 42. Nc6+ Ke8 43. Ncd4 Nf6 44. Nd2 Kd7 45. Kd3 Ng4 46.
Ke2 Kc8 47. N2f3 Nf6 48. Ng5 Kd7 49. Kf3 Ke7 50. Ke3 Ng4+ 51. Ke2 Nf6 52. Ke3 Ne8 53. Nc6+ Kf6 54. Nd4 Nd7 55. Nde6 Ke7 56. Kd3 Ndf6 57. Ke3 Ng4+ 58. Ke2 Nh6 59. Ke3 Ng8 60. Ke2 Ngf6 61. Ke3 Nd7 62. Kd3 Ndf6 63. Ke3 1/2-1/2

[Event "*** Titled Tuesday Blitz"]
[Site "Chess.com"]
[Date "2021.03.09"]
[Round "2"]
[White "SkippingLaptop"]
[Black "BanjoKazooieN64"]
[Result "0-1"]
[WhiteElo "2098"]
[BlackElo "2402"]
[TimeControl "180+1"]
[EndTime "10:19:39 PST"]
[Termination "BanjoKazooieN64 won on time"]

1. d4 Nf6 2. c4 g6 3. Nc3 Bg7 4. e4 d6 5. f3 O-O 6. Be3 c6 7. Qd2 a6 8. a4 a5 9. Nge2 Na6 10. Nc1 e5 11. d5 cxd5 12. cxd5 Nb4 13. Nd3 Bd7 14. Nxb4 axb4 15. Nb5 Bxb5 16. Bxb5 Qa5 17. O-O Rfc8 18. Rfc1 Nh5 19. g3 f5 20. exf5 gxf5 21.
Bd7 Rxc1+ 22. Rxc1 f4 23. gxf4 exf4 24. Bxf4 Nxf4 25.
Qxf4 Qb6+ 26. Kh1 Rf8 27. Rc8 Rxc8 28. Bxc8 Qf2 29. Be6+ Kh8 30. Qg3 Qf1+ 31. Qg1 Qxf3+ 32. Qg2 Qd1+ 33. Qg1 Qxa4 34. Qc1 Qe8 35. Qc7 Bxb2 36. Qxd6 Bc3 37. Qf4 b5 38. d6 b3 39. d7 Qd8 40.
Bxb3 Bg7 41. Qf7 b4 0-1

[Event "*** Titled Tuesday Blitz"]
[Site "Chess.com"]
[Date "2021.03.09"]
[Round "2"]
[White "Klavdia_Nik"]
[Black "mapleaff"]
[Result "0-1"]
[WhiteElo "2059"]
[BlackElo "2389"]
[TimeControl "180+1"]
[EndTime "10:19:39 PST"]
[Termination "mapleaff won on time"]

1. Nf3 Nf6 2. c4 e6 3. b3 c5 4.
Bb2 b6 5. g3 Bb7 6. Bg2 Be7 7.
O-O O-O 8. d4 cxd4 9. Qxd4 Nc6 10. Qf4 Qb8 11. Qxb8 Raxb8 12. Nc3 a6 13. Rad1 Rfd8 14.
e4 d6 15. h3 Ne5 16. Nd4 d5 17. f4 Ng6 18. cxd5 exd5 19. e5 Ne4 20. Nf5 Bc5+ 21. Kh2 h5 22. h4 Rbc8 23. Na4 Bf8 24. Nxb6 Rc2 25. Bd4 Rxa2 26. Ra1 Rxa1 27. Rxa1 Ne7 28. Nxe7+ Bxe7 29. Rc1 Bf8 30. Bf3 a5 31. Bxh5 g6 32.
Bf3 Nd2 33. Kg2 Nxb3 34. Rc7 Nxd4 35. Rxb7 Nxf3 36. Kxf3 d4 37. Ke2 d3+ 38. Kd1 Bb4 39.
Rd7 Rxd7 40. Nxd7 Kg7 41. Nb6 Kh6 42. g4 Kg7 0-1

[Event "*** Titled Tuesday Blitz"]
[Site "Chess.com"]
[Date "2021.03.09"]
[Round "2"]
[White "PrinceMurad09"]
[Black "Sam_ChessMood"]
[Result "0-1"]
[WhiteElo "2550"]
[BlackElo "2879"]
[TimeControl "180+1"]
[EndTime "10:19:40 PST"]
[Termination "Sam_ChessMood won by resignation"]

1. e4 e5 2. Nf3 Nf6 3. Nxe5 d6 4. Nf3 Nxe4 5. Qe2 Qe7 6. d3 Nf6 7. d4 Qxe2+ 8. Bxe2 g6 9. Bg5 Bg7 10. Nc3 O-O 11.
O-O-O h6 12. Bf4 a6 13. h3 Nc6 14. g4 b5 15. Rhe1 Nb4 16. a3 Nfd5 17. Nxd5 Nxd5 18.
Bg3 Bb7 19. c3 Rfe8 20. Nd2 Nb6 21. Bf3 Bxf3 22. Nxf3 Nd5 23. Rxe8+ Rxe8 24. Re1 Kf8 25. Rxe8+ Kxe8 26. Kc2 Kd7 27. Kd3 Nb6 28. Nd2 a5 29. b3 a4 30. bxa4 Nxa4 31. c4 bxc4+ 32. Nxc4 Kc6 33.
Ne3 Nb6 34. f4 Kb5 35. f5 Ka4 36.
fxg6 fxg6 37. Nc2 Kb3 38. h4 Na4 39. Nb4 c5 40. dxc5 dxc5 41. Nc2 c4+ 42. Kd2 Bc3+ 43.
Kc1 Bb2+ 44. Kd1 Nc3+ 45. Kd2 Ne4+ 46. Ke3 Nxg3 47. Ne1 Bxa3 48. Kf3 Bd6 49. Ng2 c3 50. Ne3 c2 51. Nxc2 Kxc2 52. h5 g5 53. Ke3 Kc3 54. Kf3 Kd3 55. Kg2 Ke3 56. Kh3 Kf3 57. Kh2 Kxg4 58. Kg2 0-1